 Dungeon Crawl Stone Soup version 0.23.0 (webtiles) character file.

Game seed: 8669283616466646421

30 tv1990 the Chopper (level 3, 0/29 HPs)
             Began as a Formicid Monk on Feb 10, 2019.
             Succumbed to a worker ant's poison
             ... on level 4 of the Dungeon.
             The game lasted 00:02:55 (1194 turns).

tv1990 the Chopper (Formicid Monk)                  Turns: 1194, Time: 00:02:56

Health: 0/29       AC:  8    Str: 16    XL:     3   Next: 35%
Magic:  3/3        EV:  7    Int:  9    God:
Gold:   93         SH:  0    Dex: 13    Spells: 2/2 levels left

rFire    . . .     SeeInvis +   a - +0 hand axe
rCold    . . .     Gourm    .   (no shield)
rNeg     . . .     Faith    .   l - +0 chain mail
rPois    .         Spirit   .   (helmet unavailable)
rElec    .         Reflect  .   (no cloak)
rCorr    .         Harm     .   (no gloves)
MR       .....                  (no boots)
Stlth    ..........             (no amulet)
HPRegen  0.09/turn              (no ring)
MPRegen  0.08/turn              (no ring)

@: lethally poisoned (0 -> -4), flying
A: permanent stasis, dig shafts and tunnels, four strong arms, antennae 3
a: Dig, Shaft Self


You were on level 4 of the Dungeon.
You were not hungry.

You visited 1 branch of the dungeon, and saw 3 of its levels.

You collected 93 gold pieces.

Inventory:

Hand Weapons
 a - a +0 hand axe (weapon)
Missiles
 h - 22 bolts
Armour
 b - a +0 robe
 j - a +0 ring mail
 l - a +0 chain mail (worn)
Jewellery
 e - an uncursed amulet of magic regeneration {unknown}
Scrolls
 d - 3 scrolls of identify {unknown}
 f - 2 scrolls of magic mapping {unknown}
 g - 2 scrolls of fear {unknown}
 n - 2 scrolls of remove curse {unknown}
 o - a scroll of enchant armour {unknown}
 p - a scroll of teleportation {unknown}
Potions
 k - a potion of flight
Comestibles
 c - 3 rations
 i - 3 chunks of flesh


   Skills:
 + Level 3.6 Fighting
 * Level 3.7 Axes
 + Level 1.2 Armour
 - Level 2.6 Dodging
 - Level 2.4 Stealth


You had 2 spell levels left.
You didn't know any spells.
Your spell library was empty.

Dungeon Overview and Level Annotations

Branches:
Dungeon (2/15)

Altars:


Innate Abilities, Weirdness & Mutations

You cannot be hasted, slowed, berserked, paralysed or teleported.
You can dig through walls and to a lower floor.
Your four strong arms can wield two-handed weapons with a shield.
You have a pair of large antennae on your head. (SInv)


Message History

* * * LOW HITPOINT WARNING * * *
You feel sick.
The worker ant bites you but does no damage.
A shaft appears beneath you!
You are sucked into a shaft for 2 floors!
The shaft crumbles and collapses.
Found 2 scrolls labeled ITWELAU BUASA and a potion of flight.
* * * LOW HITPOINT WARNING * * *
You feel sick.
You see here 2 scrolls labeled ITWELAU BUASA.
g - 2 scrolls labeled ITWELAU BUASA
* * * LOW HITPOINT WARNING * * *
You feel sick.
* * * LOW HITPOINT WARNING * * *
You feel sick.
* * * LOW HITPOINT WARNING * * *
You feel sick.
A quokka comes into view.
The quokka twitches its whiskers.
You die...

........#...#
#...# #..##
#..## ####...##
####.......###
#..............
#..............
#.....@.......#
#............##
##............#
#............#
##...........
#..r........
##.........#
##.......##


You could see a quokka.

Vanquished Creatures
  A dart slug (D:1)
  5 leopard geckos (D:1)
  A ball python (D:1)
  A giant cockroach (D:1)
  2 hobgoblins (D:1)
  3 jackals (D:1)
  A bat (D:1)
  3 frilled lizards
  2 kobolds (D:1)
  3 rats
22 creatures vanquished.

Notes
Turn   | Place    | Note
-------+----------+-------------------------------------------
     0 | D:1      | tv1990 the Formicid Monk began the quest for the Orb.
     0 | D:1      | Reached XP level 1. HP: 18/18 MP: 1/1
   142 | D:1      | Reached XP level 2. HP: 6/24 MP: 2/2
   160 | D:1      | HP: 1/24 [giant cockroach (2)]
   603 | D:1      | Reached skill level 1 in Armour
   738 | D:1      | Reached XP level 3. HP: 29/29 MP: 3/3
  1185 | D:2      | You are sucked into a shaft for 2 floors!
  1192 | D:4      | HP: 1/29 [poisoned by a worker ant]
  1194 | D:4      | Succumbed to a worker ant's poison

Skill      XL: |  1  2 |
---------------+-------+-----
Armour         | 1 |  1.2
Fighting       | |  3.6
Axes           | |  3.7
Dodging        | |  2.6
Stealth        | |  2.4

Action                   || total
-------------------------++-------
Melee: Hand axe          ||    81
 Abil: Shaft Self        ||     1
  Use: Potion            ||     3
  Eat: Chunk             ||     1
Armor: Robe              ||     6
       Chain mail        ||    17
Dodge: Dodged            ||    66

Levels and vault maps discovered:
D:1:      ncdulo_watergridlock, layout_basic
D:2:      layout_basic, nicolae_overflow_hidden_temple
D:4:      layout_cave_pods, kennysheep_dice
